 Dungeon Crawl Stone Soup version 0.17-a0-1767-gccbed74 (webtiles) character file.

26 andalon the Grave Robber (level 2, -3/19 HPs)
             Began as a Demonspawn Necromancer on Sept 6, 2015.
             Slain by a worm (7 damage)
             ... on level 2 of the Dungeon.
             The game lasted 00:18:16 (1934 turns).

andalon the Grave Robber (Demonspawn Necromancer)   Turns: 1934, Time: 00:18:17

Health: -3/19      AC:  6    Str:  6    XL:     2   Next: 89%
Magic:  4/5        EV:  7    Int: 16    God:
Gold:   39         SH:  0    Dex: 13    Spells: 2 memorised, 3 levels left

rFire  . . .     SeeInvis .     j - -1 club (curse)
rCold  . . .     Rnd*Rage +     a - +1 robe
rNeg   . . .     SustAt   .     (no shield)
rPois  .         Gourm    .     (no helmet)
rElec  .         Spirit   .     (no cloak)
rCorr  .         Warding  .     (no gloves)
rMut   .         Stasis   .     d - +0 pair of boots
MR     .....                    (no amulet)
Stlth  ++........               (no ring)
                                (no ring)

@: very slightly contaminated, not resistant to hostile enchantments, unstealthy
A: thin metallic scales 1, berserk 1, weak 1, evolution 1
a: no special abilities


You were on level 2 of the Dungeon.
You were hungry.

You visited 1 branch of the dungeon, and saw 2 of its levels.

You collected 39 gold pieces.

Inventory:

Hand weapons
 i - a +0 mace
 j - a cursed -1 club (weapon)
Missiles
 f - 3 stones (quivered)
Armour
 a - a +1 robe (worn)
 d - a +0 pair of boots (worn)
 l - a +0 robe
Potions
 h - a potion of curing
Books
 b - a book of Necromancy

   Spells                             Type                      Level
   a - Pain                           Necromancy                   1
   b - Animate Skeleton               Necromancy                   1
   c - Vampiric Draining              Necromancy                   3
   d - Regeneration                   Charms/Necromancy            3
   e - Animate Dead                   Necromancy                   4
   f - Control Undead                 Necromancy                   4
Comestibles
 c - a bread ration


   Skills:
 + Level 0.2 Fighting
 + Level 0.1 Throwing
 + Level 2.1 Dodging
 + Level 1.9 Stealth
 + Level 2.2 Spellcasting
 * Level 4.8 Necromancy


You had 3 spell levels left.
You knew the following spells:

 Your Spells              Type           Power        Failure   Level  Hunger
a - Pain                  Necr           ###.         3%          1    #......
b - Animate Skeleton      Necr           N/A          3%          1    #......


Dungeon Overview and Level Annotations

Branches:
Dungeon (2/15)

Altars:


Innate Abilities, Weirdness & Mutations

You are partially covered in thin metallic scales (AC +2).
You tend to lose your temper in combat.
You are weak. (Str -2)
You evolve.


Message History

Casting: Animate Skeleton
Confirm with . or Enter, or press ? or * to list all spells.
Aiming: Pain
Press: ? - help, Shift-Dir - straight line, f/p - jackal
Aim: a jackal (moderately wounded, chance to defeat MR: 87%)
You miscast Pain.
You are very lightly contaminated with residual magic.
Strange energies run through your body. The jackal misses you.
The jackal bites you.
* * * LOW HITPOINT WARNING * * *
The jackal barely misses you. The goblin barely misses you.
The goblin closely misses you.
There is a stone staircase leading down here.
The goblin hits you but does no damage.
You climb downwards.
The worm bites you.
* * * LOW HITPOINT WARNING * * *
There is a stone staircase leading up here.
You can't go down here!
The worm bites you!
You die...

#.....(...
#....(....
#.##...(.....
#............
#.#########
#...(((..g#
#..######h#
#..# #w# #..#
#@# #..# ###
.... #####


You could see a worm, a jackal and a goblin.

Vanquished Creatures
  A ball python (D:1)
  6 hobgoblins (D:1)
  A kobold (D:1)
  5 bats (D:1)
  A giant cockroach (D:1)
  2 giant geckos (D:1)
  A giant newt (D:1)
  2 goblins (D:1)
  4 rats (D:1)
23 creatures vanquished.

Vanquished Creatures (collateral kills)
  A ball python (D:1)
  A hobgoblin (D:1)
  3 bats (D:1)
  A rat (D:1)
6 creatures vanquished.

Grand Total: 29 creatures vanquished

Notes
Turn   | Place    | Note
--------------------------------------------------------------
     0 | D:1      | andalon the Demonspawn Necromancer began the quest for the Orb.
     0 | D:1      | Reached XP level 1. HP: 13/13 MP: 3/3
   396 | D:1      | Gained mutation: You are partially covered in thin metallic scales (AC +2). [demonic ancestry]
   396 | D:1      | Reached XP level 2. HP: 19/19 MP: 3/5
   417 | D:1      | Learned a level 1 spell: Animate Skeleton
  1653 | D:1      | Gained mutation: You tend to lose your temper in combat. [potion of mutation]
  1653 | D:1      | Gained mutation: You are weak. (Str -2) [potion of mutation]
  1653 | D:1      | Gained mutation: You evolve. [potion of mutation]
  1934 | D:2      | Slain by a worm

Vault maps used:
D:1:      minmay_arrival_hallway
D:2:      vehumet_crystals, ecumenical_altar_2, first_bread, uniq_jessica

Action                   || total
-------------------------++-------
Melee: Unarmed           ||    46
       Club              ||    81
Throw: Stone             ||    46
 Cast: Pain              ||    10
       Animate Skeleton  ||     5
  Use: Scroll            ||     3
       Potion            ||     2
  Eat: Chunk             ||     3
